 Dungeon Sprint DCSS version 0.26-a0-652-gafc20e3620 (webtiles) character file.

Game seed: 14610277061909380721

26667 sahdkjhfkaj the Minotaur Blade (level 13, -1/120 HPs)
             Began as a Minotaur Berserker on Oct 2, 2020.
             Was the Champion of Trog.
             Drowned by a water nymph (7 damage)
             ... in the Dungeon (Sprint IX: "|||||||||||||||||||||||||||||").
             The game lasted 00:06:25 (4352 turns).

sahdkjhfkaj the Minotaur Blade (Minotaur Berserker) Turns: 4352, Time: 00:06:26

Health: -1/120     AC: 21    Str: 27    XL:     13   Next: 0%
Magic:  4/4        EV: 16    Int:  4    God:    Trog [******]
Gold:   1328       SH:  0    Dex: 10    Spells: 12/12 levels left

rFire    + . .     SeeInvis .   o - +1 triple sword (antimagic)
rCold    . . .     Faith    .   (shield currently unavailable)
rNeg     . . .     Spirit   .   x - +0 storm dragon scales
rPois    .         Reflect  .   (helmet restricted)
rElec    +         Harm     .   (no cloak)
rCorr    .         Rampage  .   a - +0 pair of gloves
MR       .....     NoTele   +   (no boots)
Stlth    ..........             (no amulet)
HPRegen  0.30/turn              b - +2 ring of protection
MPRegen  0.09/turn              v - ring of protection from fire

@: lethally poisoned (-1 -> -9), mesmerised, very slow
A: retaliatory headbutt, hooves 1, horns 2, frail 1, mutation resistance 1
a: Berserk, Trog's Hand, Brothers in Arms, Renounce Religion


You were in the Dungeon.
You worshipped Trog.
Trog was exalted by your worship.
You visited 1 branch You collected 1928 gold pieces.
You spent 600 gold pieces at shops.

Inventory:

Hand Weapons
 o - a +1 antimagic triple sword (weapon)
Armour
 a - a +0 pair of gloves (worn)
 x - +0 storm dragon scales (worn)
Jewellery
 b - a +2 ring of protection (left hand)
 n - a +3 ring of dexterity
 u - an uncursed ring of see invisible
 v - a ring of protection from fire (right hand)
 w - an uncursed ring of protection from fire
Wands
 k - a wand of iceblast (10)
Scrolls
 h - 2 scrolls of blinking
 j - 5 scrolls of remove curse
 p - a scroll of fear
 q - 3 scrolls of fog
 r - 4 scrolls of identify
Potions
 c - 5 potions of curing
 e - a potion of haste
 f - 5 potions of magic
 g - 4 potions of berserk rage
 i - a potion of invisibility
 l - 4 potions of stabbing
Miscellaneous
 s - a condenser vane (2/2)
 t - a phantom mirror


   Skills:
 + Level 17.9 Fighting
 * Level 23.5 Long Blades
 + Level 17.7 Armour
 + Level 16.4 Dodging


You had 12 spell levels left.
You didn't know any spells.
Your spell library was empty.

Dungeon Overview and Level Annotations

Branches:
Dungeon (1/1)

Altars:
Cheibriados
Dithmenos
Elyvilon
Fedhas
Gozag
Hepliaklqana
Kikubaaqudgha
Makhleb
Nemelex Xobeh
Okawaru
Qazlal
Ru
Sif Muna
Trog
Uskayaw
Vehumet
Wu Jian
Xom
Yredelemnul
Zin
The Shining One
Beogh
Jiyva
Lugonu

Shops:
D ![!}


Innate Abilities, Weirdness & Mutations

You reflexively headbutt those who attack you in melee.
You have a pair of horns on your head.
You have large cloven feet.
You are frail. (-10% HP)
You are somewhat resistant to further mutation.


Message History

You closely miss the harpy. Your kick misses the harpy. You headbutt the harpy.
The harpy is moderately wounded.
* * * LOW HITPOINT WARNING * * *
You feel sick.
The harpy claws you but does no damage. x2
The harpy closely misses you.
You riposte.
You slash the harpy! Your headbutt misses the harpy.
The harpy is severely wounded.
The harpy barely misses you.
The merfolk avatar chants its luring song.
You closely miss the harpy. You kick the harpy. You headbutt the harpy!
You kill the harpy!
Trog accepts your kill.
You have reached level 13!
* * * LOW HITPOINT WARNING * * *
You feel sick.
The pull of its song draws you forwards.
You enter the shallow water.
Moving in this stuff is going to be slow.
The water nymph touches you. The water nymph drowns you!
You die...

▓▓▓▓▓▓▓▓▓▓▓▓▓▓▓▓▓▓▓▓
.........')†))..@mm+
▓▓▓▓▓▓▓▓▓▓▓▓▓▓▓▓▓▓▓▓▓▓▓▓▓▓▓▓▓♣♣♣♣
..................)..............
▓▓▓▓▓▓▓▓▓▓▓▓▓▓▓▓▓▓▓▓▓▓▓▓▓▓▓▓▓▓▓▓▓
...'...=.)))))))).[[[[[[[[.......
▓▓▓▓▓▓▓▓▓▓▓▓▓▓▓▓▓▓▓▓▓▓▓▓▓▓▓▓▓▓▓▓▓
....................).....(......
▓▓▓▓▓▓▓▓▓▓▓▓▓▓▓▓▓▓▓▓▓▓▓▓▓▓▓▓▓▓▓▓▓
..))...'))).))))....))))).)......


You could see a merfolk avatar (mesmerising) and a water nymph.

Vanquished Creatures
  Kirke (D)
  Donald (D)
  2 fire giants (D)
  A very ugly thing (D)
  A dire elephant (D)
  A merfolk impaler (D)
  A great orb of eyes (D)
  A merfolk avatar (D)
  Urug (D)
  8 orc high priests (D)
  A harpy (D)
  A deep elf mage (D)
  A cyclops (D)
  An orc sorcerer (D)
  2 manticores (D)
  A merfolk siren (D)
  7 elephants (D)
  2 black mambas (D)
  A water nymph (D)
  A torpor snail (D)
  A kobold demonologist (D)
  2 cane toads (D)
  A yaktaur (D)
  A komodo dragon (D)
  A tengu conjurer (D)
  A merfolk (D)
  2 slime creatures (D)
  A snapping turtle (shapeshifter) (D)
  2 hippogriffs (D)
  2 hogs (D)
  A yak (D)
  A vampire mosquito (D)
  3 water moccasins (D)
  A porcupine (D)
  10 orc warriors (D)
  A necrophage (D)
  A wolf (D)
  A crocodile (D)
  5 bullfrogs (D)
  A hound (D)
  8 orc priests (D)
  5 orc wizards (D)
  3 worker ants (D)
  A white imp (D)
  A dart slug (D)
  A leopard gecko (D)
  6 orcs (D)
  A bat skeleton (D)
  A bat zombie (D)
  A hobgoblin (D)
  2 jackals (D)
  A ball python skeleton (D)
  A jackal zombie (D)
  A rat (D)
108 creatures vanquished.

Vanquished Creatures (collateral kills)
  5 orc warriors (D)
5 creatures vanquished.

Grand Total: 113 creatures vanquished

Notes
Turn   | Place    | Note
-------+----------+-------------------------------------------
     0 | D        | sahdkjhfkaj the Minotaur Berserker began the quest for the
                  | Orb.
     0 | D        | Reached XP level 1. HP: 19/19 MP: 0/0
    10 | D        | Reached skill level 4 in Long Blades
    11 | D        | Reached ** piety under Trog
    19 | D        | Noticed a worker ant
    19 | D        | Noticed an orc wizard
    19 | D        | Noticed a hound
    20 | D        | Killed a worker ant
    20 | D        | Reached skill level 5 in Long Blades
    20 | D        | Reached XP level 2. HP: 24/28 MP: 1/1
    20 | D        | Reached XP level 3. HP: 30/35 MP: 2/2
    22 | D        | Reached *** piety under Trog
    29 | D        | Reached skill level 5 in Fighting
    29 | D        | Reached skill level 6 in Long Blades
    31 | D        | Reached skill level 7 in Long Blades
    31 | D        | Reached skill level 5 in Armour
    31 | D        | Reached XP level 4. HP: 31/44 MP: 3/3
    33 | D        | Reached **** piety under Trog
    39 | D        | Found a roughly hewn altar of Beogh.
    39 | D        | Found a snail-covered altar of Cheibriados.
    39 | D        | Found a shadowy altar of Dithmenos.
    39 | D        | Found a white marble altar of Elyvilon.
    39 | D        | Found a blossoming altar of Fedhas.
    39 | D        | Found an opulent altar of Gozag.
    40 | D        | Found a hazy altar of Hepliaklqana.
    41 | D        | Found a viscous altar of Jiyva.
    42 | D        | Found an ancient bone altar of Kikubaaqudgha.
    43 | D        | Found a corrupted altar of Lugonu.
    44 | D        | Found a burning altar of Makhleb.
    45 | D        | Found a sparkling altar of Nemelex Xobeh.
    46 | D        | Found an iron altar of Okawaru.
    47 | D        | Found a stormy altar of Qazlal.
    48 | D        | Found a sacrificial altar of Ru.
    49 | D        | Found a shimmering blue altar of Sif Muna.
    50 | D        | Found a bloodstained altar of Trog.
    51 | D        | Found a hide-covered altar of Uskayaw.
    52 | D        | Found a radiant altar of Vehumet.
    53 | D        | Found an ornate altar of the Wu Jian Council.
    54 | D        | Found a shimmering altar of Xom.
    55 | D        | Found a basalt altar of Yredelemnul.
    56 | D        | Found a glowing silver altar of Zin.
    57 | D        | Found a glowing golden altar of the Shining One.
   245 | D        | Noticed an orc warrior
   245 | D        | Noticed a hippogriff
   245 | D        | Noticed a necrophage
   249 | D        | Killed an orc warrior
   249 | D        | Reached skill level 9 in Long Blades
   249 | D        | Reached skill level 5 in Dodging
   249 | D        | Reached XP level 5. HP: 36/51 MP: 4/4
   258 | D        | Killed a hippogriff
   258 | D        | Reached skill level 11 in Long Blades
   258 | D        | Reached XP level 6. HP: 43/62 MP: 5/5
   261 | D        | Reached ***** piety under Trog
   263 | D        | Received a gift from Trog
   420 | D        | Noticed a vampire mosquito
   420 | D        | Noticed a cyclops
   420 | D        | Noticed an orc warrior
   421 | D        | Killed a vampire mosquito
   421 | D        | Reached skill level 12 in Long Blades
   421 | D        | Reached XP level 7. HP: 69/69 MP: 2/6
   426 | D        | Killed a cyclops
   426 | D        | Reached skill level 10 in Fighting
   426 | D        | Reached skill level 13 in Long Blades
   426 | D        | Reached XP level 8. HP: 78/78 MP: 2/7
   597 | D        | Noticed a cane toad
   597 | D        | Noticed a black mamba
   597 | D        | Noticed a hippogriff
   600 | D        | Killed a cane toad
   600 | D        | Reached skill level 14 in Long Blades
   600 | D        | Reached skill level 10 in Armour
   600 | D        | Noticed a torpor snail
   604 | D        | Killed a black mamba
   605 | D        | Noticed a black mamba
   606 | D        | Reached skill level 10 in Dodging
   607 | D        | Killed a hippogriff
   607 | D        | Reached XP level 9. HP: 77/88 MP: 2/8
   609 | D        | Reached skill level 15 in Long Blades
   611 | D        | Killed a torpor snail
   613 | D        | Received a gift from Trog
   616 | D        | Killed a black mamba
   617 | D        | Reached ****** piety under Trog
   617 | D        | Reached skill level 16 in Long Blades
   799 | D        | Noticed a cane toad
   799 | D        | Noticed a komodo dragon
   802 | D        | Killed a cane toad
   806 | D        | Killed a komodo dragon
   813 | D        | Received a gift from Trog
   815 | D        | Reached XP level 10. HP: 69/100 MP: 3/9
  1043 | D        | Noticed an elephant
  1043 | D        | Noticed an elephant
  1043 | D        | Noticed an elephant
  1043 | D        | Noticed a dire elephant
  1043 | D        | Noticed an elephant
  1043 | D        | Noticed an elephant
  1049 | D        | Killed an elephant
  1049 | D        | Reached skill level 17 in Long Blades
  1057 | D        | Killed a dire elephant
  1060 | D        | Killed an elephant
  1066 | D        | Killed an elephant
  1066 | D        | Reached skill level 18 in Long Blades
  1084 | D        | Killed an elephant
  1124 | D        | Killed an elephant
  1124 | D        | Received a gift from Trog
  1390 | D        | Noticed an elephant
  1397 | D        | Killed an elephant
  1452 | D        | Noticed an elephant
  1459 | D        | Killed an elephant
  1578 | D        | Received a gift from Trog
  1605 | D        | Received a gift from Trog
  1899 | D        | Noticed an orc sorcerer
  1899 | D        | Reached XP level 11. HP: 111/111 MP: 3/10
  1911 | D        | Killed an orc sorcerer
  1911 | D        | Reached skill level 19 in Long Blades
  1919 | D        | Received a gift from Trog
  2048 | D        | Found Wogeb's Distillery.
  2048 | D        | Noticed an orc high priest
  2048 | D        | Noticed an orc high priest
  2048 | D        | Noticed an orc high priest
  2049 | D        | Noticed an orc high priest
  2051 | D        | Noticed a soul eater
  2056 | D        | Noticed a sixfirhy
  2058 | D        | Killed an orc high priest
  2063 | D        | Noticed a sixfirhy
  2473 | D        | Gained mutation: You have large cloven feet. [potion of
                  | mutation]
  2473 | D        | Gained mutation: You are frail. (-10% HP) [potion of
                  | mutation]
  2473 | D        | Gained mutation: You are somewhat resistant to further
                  | mutation. [potion of mutation]
  2583 | D        | Killed an orc high priest
  2583 | D        | Received a gift from Trog
  2618 | D        | Killed an orc high priest
  2618 | D        | Reached skill level 15 in Fighting
  2624 | D        | Noticed a sixfirhy
  2624 | D        | Noticed a sixfirhy
  2624 | D        | Killed an orc high priest
  2624 | D        | Reached skill level 20 in Long Blades
  2624 | D        | Reached skill level 15 in Armour
  2826 | D        | Found Dumet's Armour Shoppe.
  2830 | D        | Found Evoaribo's Distillery.
  2834 | D        | Found Pybrua's Gadget Shoppe.
  2836 | D        | Noticed an orc high priest
  2837 | D        | Noticed an orc high priest
  2838 | D        | Noticed an orc high priest
  2838 | D        | Noticed an orc high priest
  2847 | D        | Killed an orc high priest
  2850 | D        | Noticed a sun demon
  2851 | D        | Killed an orc high priest
  2863 | D        | Killed an orc high priest
  2866 | D        | Noticed a sixfirhy
  2870 | D        | Killed an orc high priest
  3108 | D        | Bought a condenser vane (2/2) for 240 gold pieces
  3108 | D        | Bought a phantom mirror for 360 gold pieces
  3192 | D        | Noticed Urug
  3201 | D        | Killed Urug
  3385 | D        | Noticed a deep elf mage
  3387 | D        | Reached skill level 21 in Long Blades
  3390 | D        | Paralysed by a floating eye for 2 turns
  3395 | D        | Received a gift from Trog
  3403 | D        | Killed a deep elf mage
  3406 | D        | Noticed a great orb of eyes
  3411 | D        | Reached XP level 12. HP: 100/109 MP: 3/11
  3421 | D        | Killed a great orb of eyes
  3421 | D        | Reached skill level 15 in Dodging
  3425 | D        | Noticed a green very ugly thing
  3426 | D        | Noticed a fire giant
  3427 | D        | Noticed a fire giant
  3434 | D        | Killed a green very ugly thing
  3434 | D        | Received a gift from Trog
  3444 | D        | Killed a fire giant
  3444 | D        | Reached skill level 22 in Long Blades
  3455 | D        | Killed a fire giant
  3455 | D        | Received a gift from Trog
  3940 | D        | Noticed Donald
  3944 | D        | Noticed Kirke
  3949 | D        | Killed Donald
  3960 | D        | Killed Kirke
  3960 | D        | Received a gift from Trog
  4316 | D        | Noticed a merfolk impaler
  4316 | D        | Noticed a merfolk avatar
  4324 | D        | Reached skill level 23 in Long Blades
  4330 | D        | Noticed a merfolk avatar
  4338 | D        | Killed a merfolk impaler
  4340 | D        | Received a gift from Trog
  4349 | D        | Killed a merfolk avatar
  4352 | D        | Reached XP level 13. HP: 7/120 MP: 4/12
  4352 | D        | HP: 6/120 [poisoned by a merfolk impaler]
  4352 | D        | Drowned by a water nymph

Illustrated notes

Levels and vault maps discovered:
D:        linesprint [early_d, line_temple, items_1, d_10, items_2, lair_1,
          lair_end, items_3, orc_1, orc_end, items_4, d_15, swamp_1, shoals_1,
          snake_1, spider_1, d_20, vaults_1, items_5, swamp_end, shoals_end,
          snake_end, spider_end, vaults_end, d_27, items_6, zot_1, zot_end,
          crypt_end, forest_end, elf_end, slime_end, tomb_end, abyss_end,
          pan_hell_end]

Skill      XL: |  1  2  3  4  5  6  7  8  9 10 11 12 |
---------------+-------------------------------------+-----
Fighting       | 4 5 6 8 9 10 11 12 14 16 17 | 17.9
Long Blades    | 5 7 9 11 12 13 14 16 18 21 23 | 23.5
Armour         | 4 5 6 7 8 9 11 12 14 15 17 | 17.7
Dodging        | 3 4 5 7 8 10 11 13 14 16 | 16.4

Action                   |  1- 3 |  4- 6 |  7- 9 | 10-12 | 13-15 || total
-------------------------+-------+-------+-------+-------+-------++-------
Melee: Falchion          |    19 |     2 |       |       |       ||    21
       Headbutt          |     4 |       |     7 |    71 |       ||    82
       Scimitar          |       |    15 |       |       |       ||    15
       Triple sword      |       |       |    39 |   261 |       ||   300
       Kick              |       |       |       |    55 |       ||    55
Invok: Berserk           |     1 |     2 |     1 |     4 |       ||     8
       Brothers in Arms  |       |       |       |     1 |       ||     1
       Trog's Hand       |       |       |       |     2 |       ||     2
  Use: Potion            |       |       |     2 |     5 |       ||     7
Armor: Animal skin       |     3 |       |       |       |       ||     3
       Scale mail        |       |     5 |     7 |    51 |       ||    63
       Storm dragon scal |       |       |       |    40 |     1 ||    41
Dodge: Dodged            |     5 |     7 |    32 |   148 |       ||   192
       Rpst.: Falchion   |     1 |       |       |       |       ||     1
       Scimitar          |       |     1 |       |       |       ||     1
       Triple sword      |       |     1 |    11 |    35 |       ||    47

Table legend: (Time is in decaauts)
 A = Elapsed time spent in this place.
 B = Non-inter-level travel time spent in this place.
 C = Inter-level travel time spent in this place.
 D = Time resting spent in this place.
 E = Time spent auto-exploring this place.
 F = Levels seen in this place.
 G = Mean time per level.
                   A        B        C        D        E       F      G
               +--------+--------+--------+--------+--------+-----+--------+
         Total |   4391 |   4310 |     81 |   1521 |   1797 |   1 | 4391.0 |
       Dungeon |   4391 |   4310 |     81 |   1521 |   1797 |   1 | 4391.0 |
               +--------+--------+--------+--------+--------+-----+--------+

Top non-repeatable levels by time:
       D: 4391 daAuts
